 Dungeon Crawl Stone Soup version 0.20.0-15-g7f486f2 (webtiles) character file.

139 tilp the Firebug (level 5, -4/38 HPs)
             Began as a Hill Orc Fire Elementalist on June 9, 2017.
             Killed from afar by Ijyb (11 damage)
             ... with a wand of acid (?/15)
             ... on level 3 of the Dungeon.
             The game lasted 00:10:48 (3801 turns).

tilp the Firebug (Hill Orc Fire Elementalist)       Turns: 3801, Time: 00:10:49

Health: -4/38      AC:  2    Str: 11    XL:     5   Next: 22%
Magic:  1/9        EV: 12    Int: 16    God:
Gold:   96         SH:  0    Dex: 11    Spells: 3/9 levels left

rFire    . . .     SeeInvis .   m - +0 dagger
rCold    . . .     Gourm    .   (no shield)
rNeg     . . .     Faith    .   a - +0 robe
rPois    .         Spirit   .   (no helmet)
rElec    .         Reflect  .   (no cloak)
rCorr    .         Harm     .   (no gloves)
MR       .....                  (no boots)
Stlth    ++........             (no amulet)
Regen    0.2/turn               (no ring)
MPRegen  0.2/turn               (no ring)

@: no status effects
A: no striking features
a: no special abilities


You were on level 3 of the Dungeon.
You were full.

You visited 1 branch of the dungeon, and saw 3 of its levels.

You collected 96 gold pieces.

Inventory:

Hand Weapons
 m - a +0 dagger (weapon)
Armour
 a - a +0 robe (worn)
 u - a +1 ring mail of fire resistance
Jewellery
 d - an uncursed ring of flight {unknown}
 l - an uncursed ring of see invisible {unknown}
 q - a cursed -5 ring of intelligence {unknown}
Scrolls
 e - 3 scrolls of identify {unknown}
 g - a scroll of enchant armour {unknown}
 j - a scroll of teleportation {unknown}
 k - a scroll of noise {unknown}
 n - a scroll of recharging {unknown}
 t - a scroll of immolation {unknown}
Potions
 f - a potion of degeneration {unknown}
 h - 2 potions of curing {unknown}
 o - a potion of lignification {unknown}
 p - 2 potions of resistance {unknown}
 r - a potion of ambrosia {unknown}
 s - a potion of haste {unknown}
 v - a potion of agility {unknown}
Books
 b - a book of Flames

   Spells                             Type                      Level
   a - Flame Tongue                   Conjuration/Fire             1
   b - Throw Flame                    Conjuration/Fire             2
   c - Conjure Flame                  Conjuration/Fire             3
   d - Inner Flame                    Hexes/Fire                   3
   e - Sticky Flame                   Conjuration/Fire             4
   f - Fireball                       Conjuration/Fire             5
Comestibles
 c - 3 bread rations
 i - 4 fruits


   Skills:
 - Level 1.5 Dodging
 - Level 1.5 Stealth
 * Level 2.9 Spellcasting
 * Level 2.7 Conjurations
 + Level 4.1 Fire Magic


You had 3 spell levels left.
You knew the following spells:

 Your Spells              Type           Power        Failure   Level  Hunger
a - Flame Tongue          Conj/Fire      ##...        4%          1    #......
b - Throw Flame           Conj/Fire      ##....       7%          2    ##.....
c - Conjure Flame         Conj/Fire      ##......     14%         3    ###....


Dungeon Overview and Level Annotations

Branches:
Dungeon (3/15)

Altars:

Annotations:
D:3 Grinder; Ijyb; Terence; theemperora's ghost, weakling DECj


Message History

Confirm with . or Enter, or press ? or * to list all spells.
Aiming: Flame Tongue
Press: ? - help, Shift-Dir - straight line, f/p - Ijyb
Aim: Ijyb, wearing a runed leather armour and carrying a wand of acid (?/15) {zapped: 1} (heavily wounded)
The flame tongue hits Ijyb.
Ijyb appears unharmed.
Ijyb is heavily wounded.
Ijyb zaps a wand.
The bolt of acid hits you!
You are splashed with acid!
The acid burns!
* * * LOW HITPOINT WARNING * * *
Casting: Flame Tongue
Confirm with . or Enter, or press ? or * to list all spells.
Aiming: Flame Tongue
Press: ? - help, Shift-Dir - straight line, f/p - Ijyb
Aim: Ijyb, wearing a runed leather armour and carrying a wand of acid (?/15) {zapped: 2} (heavily wounded)
The flame tongue hits Ijyb.
Ijyb appears unharmed.
Ijyb is heavily wounded.
Ijyb hits you.
* * * LOW HITPOINT WARNING * * *
Ijyb zaps a wand.
The bolt of acid hits you!
You die...

#..... #....#
#....# # #....#
.# #..... ..###
####....##.....#
........g'.....#
######.##.....#
#.#######@#
.....
#.........# ....
#########.# ...
#....#.# ..
#....#.# .
#....#.#
#....#'###+##
#...........#
#..[........#


You could see Ijyb.

Vanquished Creatures
  A jelly (D:3)
  An orc wizard (D:3)
  3 adders (D:2)
  2 worms (D:2)
  A dart slug (D:2)
  A leopard gecko (D:2)
  3 orcs
  2 giant cockroaches
  4 goblins
  A hobgoblin (D:1)
  6 kobolds
  A quokka (D:2)
  A ball python (D:1)
  8 bats
  A frilled lizard (D:1)
  8 rats
44 creatures vanquished.

Notes
Turn   | Place    | Note
-------+----------+-------------------------------------------
     0 | D:1      | tilp the Hill Orc Fire Elementalist began the quest for the Orb.
     0 | D:1      | Reached XP level 1. HP: 14/14 MP: 3/3
   556 | D:1      | Reached XP level 2. HP: 20/20 MP: 4/4
  1486 | D:2      | Reached XP level 3. HP: 19/26 MP: 0/6
  2512 | D:2      | Reached XP level 4. HP: 16/33 MP: 0/7
  2767 | D:3      | Noticed Terence
  2959 | D:2      | Learned a level 2 spell: Throw Flame
  2963 | D:2      | Learned a level 3 spell: Conjure Flame
  3069 | D:3      | Noticed theemperora's ghost (weakling DECj)
  3234 | D:3      | Reached skill level 4 in Fire Magic
  3234 | D:3      | Reached XP level 5. HP: 38/38 MP: 1/9
  3596 | D:3      | Noticed Grinder
  3686 | D:3      | Noticed a two-headed ogre
  3791 | D:3      | Noticed Ijyb
  3801 | D:3      | Killed from afar by Ijyb

Skill      XL: |  1  2  3  4 |
---------------+-------------+-----
Spellcasting   | 2 |  2.9
Conjurations   | 2 |  2.7
Fire Magic     | 4 |  4.1
Dodging        | |  1.5
Stealth        | |  1.5

Action                   |  1- 3 |  4- 6 || total
-------------------------+-------+-------++-------
Melee: Club              |     9 |       ||     9
       Unarmed           |     1 |       ||     1
       Dagger            |    13 |     4 ||    17
 Cast: Flame Tongue      |    67 |    49 ||   116
       Throw Flame       |       |     5 ||     5
       Conjure Flame     |       |     1 ||     1
 Stab: Sleeping          |     1 |       ||     1
  Eat: Chunk             |     4 |     4 ||     8
       Royal jelly       |     1 |       ||     1
       Meat ration       |       |     1 ||     1
Armor: Robe              |     6 |    15 ||    21
Dodge: Dodged            |    38 |    32 ||    70
